 Seeded DCSS version 0.29-a0-878-g7b45a56 (webtiles) character file.

Game seed: 2710682688576464065 (custom seed)

4170 brinewave the Stinger (level 10, -3/77 HPs)
             Began as a Ghoul Venom Mage on July 18, 2022.
             Was an Initiate of Vehumet.
             Slain by a wraith (11 damage)
             ... on level 9 of the Dungeon on July 20, 2022.
             The game lasted 01:06:08 (13195 turns).

brinewave the Stinger (Ghoul Venom Mage)           Turns: 13195, Time: 01:06:10

Health: -3/77      AC:  4    Str: 13    XL:     10   Next: 28%
Magic:  17/17      EV: 12    Int: 14    God:    Vehumet [......]
Gold:   267        SH:  0    Dex:  9    Spells: 10/20 levels left

rFire   + . .      SeeInvis .   h - +7 whip (venom)
rCold   + + .      Faith    .   (no shield)
rNeg    + + +      Spirit   .   K - +0 robe {rC+ rF+}
rPois   ∞          Reflect  .   (no helmet)
rElec   .          Harm     .   f - +0 cloak
rCorr   +          Rampage  .   v - +0 pair of gloves
Will    +....                   (no boots)
Stlth   ++........              (no amulet)
HPRegen 0.00/turn               o - ring of resist corrosion
MPRegen 0.15/turn               A - ring of willpower

@: inhibited regen, slowed, very slow
A: claws 1, cold resistance 1, negative energy resistance 3, inhibited
regeneration, torment resistance 2, devour on kill
a: Renounce Religion


You were on level 9 of the Dungeon.
You worshipped Vehumet.
Vehumet was noncommittal.
You visited 2 branches of the dungeon, and saw 10 of its levels.

You collected 470 gold pieces.
You spent 203 gold pieces at shops.

Inventory:

Hand Weapons
 h - a +7 whip of venom (weapon)
 q - a +3 dagger
 t - a +0 shortbow
Missiles
 a - 3 javelins
 d - 27 poisoned darts
 E - 3 boomerangs
Armour
 f - a +0 cloak (worn)
 v - a +0 pair of gloves (worn)
 C - a +0 helmet
 K - a +0 robe of resistance (worn)
Magical Staves
 e - a staff of earth
Jewellery
 o - a ring of resist corrosion (left hand)
 A - a ring of willpower (right hand)
Wands
 g - a wand of roots (9)
 l - a wand of mindburst (1)
 F - a wand of charming (7)
 G - a wand of light (4)
Scrolls
 c - a scroll of summoning {unknown}
 i - 8 scrolls of teleportation
 p - 3 scrolls of fear
 s - a scroll of amnesia {unknown}
 x - a scroll of enchant armour {unknown}
 y - a scroll of blinking
 B - a scroll of torment {unknown}
 D - 2 scrolls of magic mapping
 I - a scroll of poison {unknown}
Potions
 b - a potion of magic
 k - a potion of brilliance
 m - 3 potions of mutation
 n - 2 potions of berserk rage
 r - 2 potions of might
 u - 2 potions of cancellation
 w - a potion of ambrosia
 z - a potion of haste


   Skills:
 + Level 3.4 Fighting
 + Level 3.8 Maces & Flails
 - Level 1.7 Dodging
 - Level 2.1 Stealth
 + Level 5.9 Spellcasting
 - Level 5.7 Transmutations
 + Level 5.1 Air Magic
 + Level 2.6 Earth Magic
 + Level 7.6 Poison Magic


You had 10 spell levels left.
You knew the following spells:

 Your Spells              Type           Power      Damage    Failure   Level
a - Sting                 Tmut/Pois      88%        1d7       1%          1
b - Poisonous Vapours     Pois/Air       44%        N/A       1%          2
c - Passwall              Tmut/Erth      12%        N/A       4%          2
d - Olgreb's Toxic Radia  Pois           25%        N/A       7%          4
e - Sandblast             Erth           22%        2d7       5%          1

Your spell library contained the following spells:

 Spells                   Type           Power      Damage    Failure   Level
 Mephitic Cloud           Conj/Pois/Air  16%        N/A       9%          3
 Freeze                   Ice            16%        1d4       16%         1
 Stone Arrow              Conj/Erth      14%        3d7       28%         3
 Call Canine Familiar     Summ           4%         N/A       43%         3
 Frozen Ramparts          Ice            8%         1d2       43%         3
 Gell's Gravitas          Tloc           4%         N/A       43%         3
 Lesser Beckoning         Tloc           4%         N/A       43%         3
 Teleport Other           Tloc           4%         N/A       43%         3
 Hailstorm                Conj/Ice       4%         3d4       85%         4
 Summon Hydra             Summ           2%         N/A       100%        7
 Summon Horrible Things   Summ           2%         N/A       100%        8
 Dragon's Call            Summ           2%         N/A       100%        9
 Wereblood                Tmut           Unusable   N/A       N/A         2
 Sublimation of Blood     Necr           Unusable   N/A       N/A         2

Dungeon Overview and Level Annotations

Branches:
Dungeon (9/15)             Temple (1/1) D:7
   Lair: D:8-11         Orc: D:9-12

Altars:
Ashenzari
Cheibriados
Gozag
Kikubaaqudgha
Makhleb
Nemelex Xobeh
Okawaru
Qazlal
Sif Muna
Trog
Uskayaw
Vehumet
Xom
Yredelemnul

Shops:
D:5 =*?==(

Annotations:
D:5 3 runed translucent doors, AllHailThrall's ghost, novice HOFi; sangerfol's ghost, novice FoAK
D:6 Grinder
D:7 1 runed translucent door, geeeeen's ghost, novice MfSu
D:8 3 runed translucent doors, DrBrontosaurus's ghost, novice TrHu


Innate Abilities, Weirdness & Mutations

You are immune to poison.
You have sharp fingernails.
Your flesh is cold resistant. (rC+)
You are immune to negative energy. (rN+++)
You do not regenerate when monsters are visible.
You are immune to unholy pain and torment.
You thrive by killing the living.


Message History

The wraith is lightly damaged.
The wraith hits you! The wraith drains your vigour!
You feel as though you will be slow longer.
You hit the wraith. You punch the wraith, but do no damage.
The wraith is moderately damaged.
The wraith hits you.
You closely miss the wraith.
The wraith is moderately damaged.
The wraith hits you. The wraith hits you but does no damage.
You hit the wraith.
The wraith is moderately damaged.
The wraith barely misses you.
You hit the wraith but do no damage.
The wraith is moderately damaged.
The wraith barely misses you.
You hit the wraith but do no damage.
The wraith is moderately damaged.
The wraith closely misses you. The wraith hits you but does no damage.
You hit the wraith.
The wraith is heavily damaged.
The wraith hits you! The wraith drains your vigour!
You feel as though you will be slow longer.
You hit the wraith.
The wraith is heavily damaged.
The wraith hits you! The wraith hits you.
You hit the wraith but do no damage.
The wraith is heavily damaged.
The wraith hits you!
* * * LOW HITPOINT WARNING * * *
You whack the wraith!
The wraith is severely damaged.
The wraith hits you but does no damage.
You hit the wraith but do no damage.
The wraith is severely damaged.
The wraith hits you!
* * * LOW HITPOINT WARNING * * *
The wraith drains your vigour!
You feel as though you will be slow longer.
The wraith hits you!
You die...

........# #........#
....<...# #........#
........# #........#
#####...# #..####...
#...# #..# #...# #).#
... #...# #..# ....
#####...#####..####.....
...............)@W......
........................
........................
.#####.........####.....
.# #.........# .....
.#####.........# ....
.....=.........# ...
#####.........## ...
#.........#


You could see a wraith.

Vanquished Creatures
  A two-headed ogre (D:8)
  Pikel (D:5)
  A hornet (D:8)
  Prince Ribbit (D:6)
  A yak (D:5)
  Menkaure (D:7)
  2 orc warriors
  An ice beast (D:8)
  A black bear (D:4)
  A sky beast (D:6)
  A centaur (D:7)
  2 lemures
  A phantom (D:5)
  A kobold brigand (D:9)
  2 bullfrogs
  2 necrophages (D:7)
  3 scorpions
  2 wights (D:7)
  6 killer bees (D:8)
  A vampire bat (D:5)
  A howler monkey (D:4)
  A hound (D:5)
  2 jellies
  4 orc priests
  3 iguanas
  Jessica (D:2)
  7 orc wizards
  Natasha (thrice) (D:2)
  Terence (D:2)
  8 gnolls
  3 adders
  2 shadow imps
  A white imp (D:6)
  2 worms
  2 dart slugs
  3 fire bats (D:5)
  20 orcs
  2 spectral bats (D:5)
  3 bat skeletons (D:5)
  A bat zombie (D:5)
  9 endoplasms
  5 giant cockroaches
  14 goblins
  11 hobgoblins
  2 jackals
  15 kobolds
  5 quokkas
  8 ball pythons
  13 bats
  A bat simulacrum (D:5)
  5 frilled lizards
  4 rats
194 creatures vanquished.

Vanquished Creatures (others)
  6 withered plants (D:5)
6 creatures vanquished.

Grand Total: 200 creatures vanquished

Notes
Turn   | Place    | Note
-------+----------+-------------------------------------------
     0 | D:1      | brinewave the Ghoul Venom Mage began the quest for the Orb.
     0 | D:1      | Reached XP level 1. HP: 14/14 MP: 2/2
    26 | D:1      | Reached skill level 1 in Transmutations
   187 | D:1      | Reached XP level 2. HP: 20/20 MP: 0/3
   222 | D:1      | Upgraded the game from 0.29-a0-872-g797fff5 to
                  | 0.29-a0-873-g9d4207d
   649 | D:1      | Reached XP level 3. HP: 26/26 MP: 3/5
   763 | D:1      | Found a faded altar of an unknown god.
  1168 | D:2      | Noticed Terence
  1175 | D:2      | Killed Terence
  1176 | D:2      | Reached XP level 4. HP: 16/33 MP: 3/6
  1705 | D:2      | Noticed Jessica
  1720 | D:2      | Killed Jessica
  1721 | D:2      | Reached skill level 4 in Poison Magic
  1721 | D:2      | Reached XP level 5. HP: 26/38 MP: 3/7
  2117 | D:2      | Learned a level 2 spell: Poisonous Vapours
  2293 | D:2      | Found a shimmering altar of Xom.
  2308 | D:2      | Noticed Natasha
  2313 | D:2      | Killed Natasha
  2952 | D:2      | Noticed Natasha
  2959 | D:2      | Killed Natasha
  3179 | D:2      | Noticed Natasha
  3186 | D:2      | Killed Natasha
  3187 | D:2      | Reached skill level 1 in Air Magic
  3187 | D:2      | Reached XP level 6. HP: 32/45 MP: 7/9
  3783 | D:3      | Found a shimmering blue altar of Sif Muna.
  4651 | D:4      | Noticed a black bear
  4796 | D:4      | Reached XP level 7. HP: 7/50 MP: 8/10
  4987 | D:4      | HP: 1/50 [black bear (8)]
  5418 | D:4      | Found an iron altar of Okawaru.
  5498 | D:4      | Reached skill level 5 in Poison Magic
  5962 | D:4      | Got Gamituhi's Compendium of Attendants
  6210 | D:4      | Found a hide-covered altar of Uskayaw.
  6581 | D:5      | Entered Level 5 of the Dungeon
  6591 | D:5      | Found a runed translucent gate.
  6592 | D:5      | Found a runed translucent gate.
  6597 | D:5      | Upgraded the game from 0.29-a0-873-g9d4207d to
                  | 0.29-a0-878-g7b45a56
  6598 | D:5      | Found Zios's Assorted Antiques.
  6612 | D:5      | Found a runed translucent gate.
  6612 | D:5      | Noticed sangerfol's ghost (novice FoAK)
  6612 | D:5      | Noticed AllHailThrall's ghost (novice HOFi)
  6752 | D:5      | Found Logaemiurgh's Jewellery Shop.
  6834 | D:5      | Noticed Pikel
  6850 | D:5      | Killed Pikel
  6851 | D:5      | Reached XP level 8. HP: 11/57 MP: 5/13
  7203 | D:5      | Found Xyduuqo's Jewellery Boutique.
  7214 | D:5      | Found Ywimonab's Jewellery Shop.
  7306 | D:5      | Found Yppim's Weapon Shoppe.
  7364 | D:5      | Reached skill level 6 in Poison Magic
  7709 | D:5      | Reached skill level 5 in Transmutations
  7772 | D:5      | Found Nugy's Magic Scroll Boutique.
  7780 | D:5      | Bought a scroll of blinking for 105 gold pieces
  7780 | D:5      | Bought a scroll of identify for 28 gold pieces
  7780 | D:5      | Bought a scroll of identify for 28 gold pieces
  7780 | D:5      | Bought a scroll of identify for 28 gold pieces
  7780 | D:5      | Bought a scroll of noise for 14 gold pieces
  8376 | D:6      | Reached skill level 1 in Maces & Flails
  8519 | D:6      | Reached XP level 9. HP: 62/62 MP: 11/15
  8724 | D:5      | Reached skill level 5 in Spellcasting
  9112 | D:6      | Noticed Prince Ribbit
  9128 | D:6      | Killed Prince Ribbit
  9257 | D:6      | Noticed Grinder
  9538 | D:7      | Found a shimmering altar of Xom.
  9807 | D:7      | Found a broken altar of Ashenzari.
  9864 | D:7      | Found a runed translucent door.
  9865 | D:7      | Found a shimmering altar of Xom.
  9865 | D:7      | Noticed geeeeen's ghost (novice MfSu)
  9866 | D:7      | Noticed a +2 hand axe of chaos
 10168 | D:7      | Learned a level 2 spell: Passwall
 10173 | D:7      | Learned a level 4 spell: Olgreb's Toxic Radiance
 10230 | D:7      | Noticed Menkaure
 10241 | D:7      | Killed Menkaure
 10385 | D:7      | Found a staircase to the Ecumenical Temple.
 10406 | Temple   | Entered the Ecumenical Temple
 10433 | Temple   | Became a worshipper of Vehumet
 10495 | D:7      | Learned a level 1 spell: Sandblast
 10504 | D:7      | Reached skill level 1 in Fighting
 10504 | D:7      | Reached skill level 7 in Poison Magic
 11680 | D:8      | Found a sparkling altar of Nemelex Xobeh.
 11780 | D:8      | Noticed a two-headed ogre
 11815 | D:8      | Killed a two-headed ogre
 11816 | D:8      | Reached skill level 1 in Earth Magic
 11816 | D:8      | Reached XP level 10. HP: 51/75 MP: 9/17
 11973 | D:8      | Found a large runed translucent door.
 11986 | D:8      | Reached skill level 5 in Air Magic
 12225 | D:8      | Found a large runed translucent door.
 12311 | D:8      | Found a runed translucent gate.
 12312 | D:8      | Found a runed translucent gate.
 12313 | D:8      | Found a runed translucent gate.
 12315 | D:8      | Found an opulent altar of Gozag.
 12316 | D:8      | Noticed DrBrontosaurus's ghost (novice TrHu)
 12780 | D:8      | Found a basalt altar of Yredelemnul.
 12819 | D:8      | Found a snail-covered altar of Cheibriados.
 13195 | D:9      | Slain by a wraith

Illustrated notes

Levels and vault maps discovered:
D:1:      spicycebolla_arrival_transporter_tutorial, layout_basic,
          hellmonk_ecumenical_altar_leap_of_faith, minmay_misc_feat_room,
          chequers_garden
D:2:      layout_basic, basic_altar, uniq_jessica, uniq_terence, uniq_natasha
D:3:      minmay_inner_zag, layout_basic, mainiacjoe_overflow_24_doors,
          wander_ebering_terrifying_dragon_lair
D:4:      wander_river, layout_basic, okawaru_trees_1, general_overflow_altar,
          nicolae_ossuary_entry_monument, portal_sewer_entry_f
D:5:      layout_loops_ring, zin_scriptorium, serial_shops, nicolae_square_shop,
          kennysheep_mini, nicolae_shop_hallway_stairs, shop,
          nicolae_shop_bloodbath_and_beyond, gammafunk_ghost_cemetery,
          minmay_shop_enchanted_jewellery, goddamned_bats, uniq_pikel
D:6:      layout_cave_pools, uniq_prince_ribbit1, uniq_grinder
D:7:      layout_gridville, nicolae_ashenzari_skybound,
          mainiacjoe_overflow_tiny_flanked, minmay_temple_entry_water_ring,
          ebering_ghost_xom, uniq_menkaure
D:8:      layout_gridville, nemelex_diamond_rough_becter, jmf_multi_god_temple2,
          ebering_ghost_gozag, hangedman_decor_growths, minmay_crossroads
D:9:      layout_small_grid
Temple:   hc_temple_tempest_star

Skill      XL: |  1  2  3  4  5  6  7  8  9 10 |
---------------+-------------------------------+-----
Transmutations | 1 2 3 4 5 |  5.7
Spellcasting   | 2 3 4 5 |  5.9
Poison Magic   | 4 5 6 7 |  7.6
Air Magic      | 1 3 4 5 |  5.1
Maces & Flails | 1 3 |  3.8
Fighting       | 2 3 |  3.4
Earth Magic    | 1 2 |  2.6
Dodging        | |  1.7
Stealth        | |  2.1

Action                   |  1- 3 |  4- 6 |  7- 9 | 10-12 || total
-------------------------+-------+-------+-------+-------++-------
Melee: Dagger            |     8 |       |       |       ||     8
       Unarmed           |     1 |       |       |       ||     1
       Whip              |    17 |   100 |   277 |    69 ||   463
       Punch             |       |     1 |     6 |     2 ||     9
Throw: Throwing net      |       |     1 |       |       ||     1
       Dart              |       |     4 |       |       ||     4
       Boomerang         |       |       |     5 |       ||     5
 Cast: Sting             |    41 |    78 |    66 |     4 ||   189
       Poisonous Vapours |       |       |    36 |     4 ||    40
       Sandblast         |       |       |     3 |       ||     3
  Use: Scroll            |     5 |     2 |    11 |     3 ||    21
       Potion            |       |     1 |     1 |     1 ||     3
 Stab: Sleeping          |     2 |     2 |     5 |       ||     9
       Distracted        |       |       |     1 |       ||     1
Armor: Robe              |     7 |    43 |   105 |    17 ||   172
Dodge: Dodged            |     8 |    80 |   233 |    61 ||   382

Table legend: (Time is in decaauts)
 A = Elapsed time spent in this place.
 B = Non-inter-level travel time spent in this place.
 C = Inter-level travel time spent in this place.
 D = Time resting spent in this place.
 E = Time spent auto-exploring this place.
 F = Levels seen in this place.
 G = Mean time per level.
                   A        B        C        D        E       F      G
               +--------+--------+--------+--------+--------+-----+--------+
         Total |  13264 |  12872 |    392 |   4520 |   5366 |  10 | 1326.4 |
       Dungeon |  13224 |  12844 |    380 |   4520 |   5353 |   9 | 1469.3 |
        Temple |     39 |     27 |     12 |      0 |     13 |   1 |   39.0 |
               +--------+--------+--------+--------+--------+-----+--------+

Top non-repeatable levels by time:
     D:7: 2040 daAuts
     D:5: 2019 daAuts
     D:2: 1874 daAuts
     D:4: 1747 daAuts
     D:3: 1687 daAuts
     D:1: 1434 daAuts
     D:8: 1259 daAuts
     D:6: 854 daAuts
     D:9: 307 daAuts
  Temple: 39 daAuts
